 Dungeon Crawl Stone Soup version 0.26-a0-1147-g3780a7a11b (webtiles) character file.

Game seed: 9950323148316404934

50 voltaire321 the Skirmisher (level 3, 0/33 HPs)
             Began as a Ghoul Monk on Dec 22, 2020.
             Slain by an iguana (2 damage)
             ... on level 2 of the Dungeon.
             The game lasted 00:03:42 (1904 turns).

voltaire321 the Skirmisher (Ghoul Monk)             Turns: 1904, Time: 00:03:43

Health: 0/33       AC:  9    Str: 15    XL:     3   Next: 79%
Magic:  2/2        EV:  7    Int:  5    God:
Gold:   50         SH:  0    Dex: 11    Spells: 2/2 levels left

rFire    . . .     SeeInvis .   a - +0 falchion
rCold    + . .     Faith    .   (no shield)
rNeg     + + +     Spirit   .   b - +0 chain mail
rPois    ∞         Reflect  .   (no helmet)
rElec    .         Harm     .   (no cloak)
rCorr    .         Rampage  .   f - +0 pair of gloves
Will     .....                  (no boots)
Stlth    ..........             (no amulet)
HPRegen  0.00/turn              (no ring)
MPRegen  0.08/turn              (no ring)

@: no status effects
A: claws 1, cold resistance 1, negative energy resistance 3, inhibited
regeneration, torment resistance, unbreathing
a: no special abilities


You were on level 2 of the Dungeon.
You visited 1 branch of the dungeon, and saw 2 of its levels.

You collected 50 gold pieces.

Inventory:

Hand Weapons
 a - a +0 falchion (weapon)
Armour
 b - a +0 chain mail (worn)
 f - a +0 pair of gloves (worn)
 g - a +0 ring mail
Scrolls
 c - 2 scrolls of remove curse {unknown}
 d - 2 scrolls of identify {unknown}
Potions
 e - a potion of haste {unknown}


   Skills:
 + Level 3.8 Fighting
 + Level 3.1 Long Blades
 + Level 1.2 Armour
 + Level 3.1 Dodging
 - Level 2.1 Stealth


You had 2 spell levels left.
You didn't know any spells.
Your spell library was empty.

Dungeon Overview and Level Annotations

Branches:
Dungeon (2/15)

Altars:


Innate Abilities, Weirdness & Mutations

You thrive by killing the living.
You are immune to poison.
You have sharp fingernails.
Your flesh is cold resistant. (rC+)
You are immune to negative energy. (rN+++)
You do not regenerate when monsters are visible.
You are immune to unholy pain and torment.
You can survive without breathing.


Message History

You closely miss the iguana.
The iguana is heavily wounded.
The iguana bites you but does no damage.
Your chain mail prevents you from hitting the iguana.
The iguana is heavily wounded.
The iguana bites you but does no damage.
You hit the iguana.
The iguana is severely wounded.
The iguana bites you but does no damage.
You closely miss the iguana.
The iguana is severely wounded.
The iguana barely misses you.
You closely miss the iguana.
The iguana is severely wounded.
The iguana bites you.
* * * LOW HITPOINT WARNING * * *
You hit the iguana but do no damage.
The iguana is severely wounded.
The iguana bites you.
You die...

#####...##.... ###.... #.# #
#........###........###.####### #
#........#........#.....#.....#
###..........##.###..............
#..........### ..##..............
#†###)#.#### #.##..............
..###...# #.##..............
####.†### ####l##..............
###...# ##...@....(...........
.....## #......(..............
##..## #......"...............
##.## #...............#.....#
...# #..........############ ####
#..........# # #..........#
##........## ..........


You could see an iguana.

Vanquished Creatures
  An adder (D:2)
  A worm (D:2)
  3 leopard geckos
  2 giant cockroaches
  4 goblins
  2 hobgoblins (D:1)
  A ball python (D:1)
  7 bats
  4 frilled lizards
  8 kobolds
  5 rats
38 creatures vanquished.

Notes
Turn   | Place    | Note
-------+----------+-------------------------------------------
     0 | D:1      | voltaire321 the Ghoul Monk began the quest for the Orb.
     0 | D:1      | Reached XP level 1. HP: 19/19 MP: 0/0
   437 | D:1      | Reached XP level 2. HP: 25/26 MP: 1/1
  1027 | D:1      | Reached skill level 1 in Armour
  1027 | D:1      | Reached XP level 3. HP: 28/31 MP: 2/2
  1904 | D:2      | Slain by an iguana

Illustrated notes

Levels and vault maps discovered:
D:1:      dpeg_arrival_water_temple_mockup, layout_basic,
          minmay_tree_intersection, minmay_indecisive_spiral
D:2:      layout_rooms, minivault_24, columned_hall_lemuel

Skill      XL: |  1  2 |
---------------+-------+-----
Dodging        | 3 |  3.1
Long Blades    | 3 |  3.1
Armour         | 1 |  1.2
Fighting       | |  3.8
Stealth        | |  2.1

Action                   || total
-------------------------++-------
Melee: Falchion          ||   118
 Stab: Sleeping          ||     2
       Distracted        ||     1
Armor: Robe              ||    11
       Chain mail        ||    26
       Ring mail         ||     9
Dodge: Dodged            ||    67
       Rpst.: Falchion   ||    23

Table legend: (Time is in decaauts)
 A = Elapsed time spent in this place.
 B = Non-inter-level travel time spent in this place.
 C = Inter-level travel time spent in this place.
 D = Time resting spent in this place.
 E = Time spent auto-exploring this place.
 F = Levels seen in this place.
 G = Mean time per level.
                   A        B        C        D        E       F      G
               +--------+--------+--------+--------+--------+-----+--------+
         Total |   1921 |   1921 |      0 |    290 |   1220 |   2 |  960.5 |
       Dungeon |   1921 |   1921 |      0 |    290 |   1220 |   2 |  960.5 |
               +--------+--------+--------+--------+--------+-----+--------+

Top non-repeatable levels by time:
     D:1: 1268 daAuts
     D:2: 652 daAuts
